 Dungeon Crawl Stone Soup version 0.28.0 (webtiles) character file.

Game seed: 4907824100396940312

27311 crazypyro the Cleaver (level 13, -5/118 HPs)
             Began as a Minotaur Fighter on Feb 9, 2022.
             Was a High Priest of Makhleb.
             Slain by Snorg (12 damage)
             ... on level 3 of the Lair of Beasts.
             The game lasted 00:18:14 (13835 turns).

crazypyro the Cleaver (Minotaur Fighter)           Turns: 13835, Time: 00:18:15

Health: -5/118     AC: 20    Str: 28    XL:     13   Next: 3%
Magic:  19/19      EV: 10    Int:  5    God:    Makhleb [*****.]
Gold:   685        SH: 12    Dex: 10    Spells: 12/12 levels left

rFire   . . .      SeeInvis +   P - +6 demon trident
rCold   . . .      Faith    .   g - +2 buckler
rNeg    . . .      Spirit   .   n - +0 plate armour
rPois   +          Reflect  +   (helmet restricted)
rElec   .          Harm     .   e - +1 cloak
rCorr   .          Rampage  .   q - +0 pair of gloves
Will    .....      Rage     1%  O - +1 pair of boots
Stlth   ..........              j - amulet of reflection
HPRegen 0.29/turn               F - ring of see invisible
MPRegen 0.16/turn               (no ring)

@: mighty
A: horns 2, retaliatory headbutt, berserk 1, poison resistance, strong 1
a: Renounce Religion, Minor Destruction, Lesser Servant of Makhleb, Major
Destruction, Greater Servant of Makhleb


You were on level 3 of the Lair of Beasts.
You worshipped Makhleb.
Makhleb was extremely pleased with you.
You visited 3 branches of the dungeon, and saw 15 of its levels.

You collected 885 gold pieces.
You spent 200 gold pieces at shops.

Inventory:

Hand Weapons
 a - a +4 vampiric hand axe
 b - a +4 hand axe of venom
 z - a +0 war axe
 B - a +3 hand axe
 M - a +6 flail
 P - a +6 demon trident (weapon)
Armour
 c - a +0 buckler
 e - a +1 cloak (worn)
 g - a +2 buckler (worn)
 n - a +0 plate armour (worn)
 q - a +0 pair of gloves (worn)
 G - +0 acid dragon scales
 O - a +1 pair of boots (worn)
Jewellery
 j - an amulet of reflection (around neck)
 l - an amulet of faith
 s - an amulet of magic regeneration
 F - a ring of see invisible (left hand)
Wands
 x - a wand of polymorph (11)
 C - a wand of iceblast (7)
 D - a wand of mindburst (24)
 K - a wand of acid (7)
Scrolls
 f - 5 scrolls of magic mapping
 u - 4 scrolls of teleportation
 I - a scroll of blinking
 L - 2 scrolls of fog
 Q - a scroll of fear
Potions
 i - 2 potions of brilliance
 m - 2 potions of resistance
 o - 3 potions of curing
 p - 2 potions of mutation
 r - 3 potions of haste
 v - 4 potions of flight
 w - 2 potions of ambrosia
 A - 3 potions of heal wounds
 H - a potion of berserk rage {unknown}
 J - 2 potions of cancellation
 N - 2 potions of lignification


   Skills:
 - Level 12.1 Fighting
 - Level 14.1(14.4) Axes
 * Level 5.2(10.5) Polearms
 - Level 10.1 Armour
 - Level 8.5 Dodging
 - Level 7.4 Shields
 - Level 10.1 Invocations


You had 12 spell levels left.
You didn't know any spells.
Your spell library contained the following spells:

 Spells                   Type           Power      Damage    Failure   Level
 Magic Dart               Conj           0%         1d3       99%         1
 Shock                    Conj/Air       0%         1d3       99%         1
 Scorch                   Fire           0%         2d5       100%        2
 Searing Ray              Conj           0%         2d4       100%        2
 Ozocubu's Armour         Ice            0%         N/A       100%        3
 Swiftness                Air            0%         N/A       100%        3
 Tukima's Dance           Hex            0%         N/A       100%        3
 Airstrike                Air            0%         N/A       100%        4
 Flame Wave               Conj/Fire      0%         2d4       100%        4
 Fulminant Prism          Conj/Hex       0%         3d6       100%        4
 Passage of Golubria      Tloc           0%         N/A       100%        4
 Yara's Violent Unravell  Hex/Tmut       0%         3d3       100%        5
 Dispersal                Tloc           0%         N/A       100%        6
 Summon Cactus Giant      Summ           0%         N/A       100%        6
 Ozocubu's Refrigeration  Ice            0%         4d5       100%        7
 Disjunction              Tloc           0%         N/A       100%        8


Dungeon Overview and Level Annotations

Branches:
Dungeon (11/15)            Temple (1/1) D:4            Lair (3/6) D:8
  Swamp: Lair:2-4    Shoals: Lair:2-4     Snake: Lair:2-4    Spider: Lair:2-4
    Orc: D:9-12

Altars:
Cheibriados
Fedhas
Gozag
Makhleb
Nemelex Xobeh
Okawaru
Trog
Uskayaw
Xom
Yredelemnul
Zin
The Shining One
Beogh

Shops:
D:9 *   D:11 ?

Annotations:
D:3 2 transporters, Kikato's ghost, amateur GnAM
D:4 2 runed translucent doors, indyram44's ghost, amateur DsFi
Lair:3 Snorg


Innate Abilities, Weirdness & Mutations

You have a pair of horns on your head.
You reflexively headbutt those who attack you in melee.
You tend to lose your temper in combat.
Your system is resistant to poisons. (rPois)
Your muscles are strong. (Str +2)


Message History

You puncture the yak! You headbutt the yak.
The yak is almost dead.
You hit the yak but do no damage. You headbutt the yak.
You kill the yak!
Makhleb accepts your kill. You block Snorg's attack. Snorg closely misses you.
Snorg claws you!
You barely miss Snorg. You block Snorg's attack.
Snorg claws you but does no damage. You block Snorg's attack.
Snorg bites you but does no damage. You block Snorg's attack. Snorg claws you!
You impale Snorg!! Your headbutt misses Snorg.
Snorg is lightly wounded.
You block Snorg's attack. Snorg claws you but does no damage.
You block Snorg's attack.
A rime drake comes into view.
You barely miss Snorg.
Snorg is lightly wounded.
Snorg bites you but does no damage. Snorg claws you! Snorg closely misses you.
You hit Snorg. You headbutt Snorg!
Snorg is moderately wounded.
Snorg bites you!! You block Snorg's attack. x2
You hit Snorg. Your headbutt misses Snorg.
Snorg is moderately wounded.
Snorg bites you but does no damage. You block Snorg's attack. Snorg claws you!
Snorg bites you but does no damage. Snorg claws you!
* * * LOW HITPOINT WARNING * * *
Snorg claws you.
* * * LOW HITPOINT WARNING * * *
You feel very mighty all of a sudden. Snorg closely misses you.
You furiously retaliate!
You headbutt Snorg. You block Snorg's attack. Snorg claws you!
* * * LOW HITPOINT WARNING * * *
You impale Snorg!!
Snorg is heavily wounded.
You block Snorg's attack. x2; Snorg barely misses you.
You puncture Snorg!
Snorg is heavily wounded.
Snorg bites you!
* * * LOW HITPOINT WARNING * * *
Snorg claws you!
You die...

....................
.................... ..
#P...##P...#.####...#.
....####.<.### ..# ##..#
##...# ..#
#...#####...#### ..#
............##.###..###.
###.########.....†......
♣♣♣...♣♣♣♣♣#....@Tk.....
♣.♣♣♣♣.♣♣.♣###..##.$##.[
.♣...♣♣..♣.###..# ##
♣♣♣..♣♣.♣♣♣##...# ♣
♣.†÷†♣♣ ##..## ##♣.♣####
#...# ...†....♣ #...#
♣♣♣.♣♣♣♣..♣ #..###
...≈...♣ ###....###..


You could see Snorg (berserk) and a rime drake.

Vanquished Creatures
  A hydra (Lair:1)
  A centaur warrior (D:9)
  3 two-headed ogres
  Urug (Lair:2)
  4 skeletal warriors (D:10)
  A cyclops (D:9)
  4 black mambas
  6 cane toads
  A rime drake (Lair:3)
  2 komodo dragons
  3 trolls
  Grinder (D:6)
  A hornet (D:8)
  18 blink frogs
  4 wyverns
  2 wraiths
  3 basilisks
  29 yaks
  A steam dragon (D:6)
  3 vampire mosquitoes (D:8)
  2 acid dragons
  10 water moccasins
  A sky beast (D:5)
  4 orc warriors
  A black bear (Lair:2)
  15 wolves
  An ogre (D:6)
  6 centaurs
  2 phantoms
  11 bullfrogs
  A gnoll sergeant (D:9)
  2 scorpions
  2 wyvern zombies
  A water moccasin skeleton (D:4)
  10 killer bees
  11 wights
  3 electric eels (D:8)
  4 centaur zombies
  A centaur skeleton (D:4)
  8 orc priests
  6 hounds
  10 orc wizards
  2 iguanas
  A scorpion zombie (D:4)
  A hound skeleton (D:5)
  A howler monkey zombie (D:9)
  7 adders
  5 gnolls
  2 white imps
  An ufetubus (D:4)
  2 worms
  A dart slug (D:2)
  63 orcs
  7 ball pythons
  2 bats
  5 endoplasms
  4 giant cockroaches (D:2)
  4 goblins
  9 hobgoblins
  10 jackals (D:1)
  9 quokkas
  2 frilled lizards
  6 kobolds
  6 rats
351 creatures vanquished.

Vanquished Creatures (others)
  5 fungi
  48 plants
53 creatures vanquished.

Grand Total: 404 creatures vanquished

Notes
Turn   | Place    | Note
-------+----------+-------------------------------------------
     0 | D:1      | crazypyro the Minotaur Fighter began the quest for the Orb.
     0 | D:1      | Reached XP level 1. HP: 19/19 MP: 0/0
   144 | D:1      | Reached XP level 2. HP: 23/27 MP: 1/1
   227 | D:1      | Reached skill level 3 in Axes
   507 | D:1      | Reached XP level 3. HP: 31/33 MP: 2/2
   523 | D:1      | Found a faded altar of an unknown god.
   842 | D:2      | Found a shimmering altar of Xom.
   939 | D:2      | Reached XP level 4. HP: 37/40 MP: 3/3
  1302 | D:2      | Reached skill level 4 in Axes
  1918 | D:3      | Reached XP level 5. HP: 47/47 MP: 4/4
  1949 | D:3      | Noticed a sky beast
  1950 | D:3      | Found a transporter.
  1955 | D:3      | Noticed Kikato's ghost (amateur GnAM)
  1965 | D:3      | Found a transporter.
  2099 | D:4      | Reached skill level 5 in Axes
  2099 | D:4      | Reached skill level 1 in Dodging
  2109 | D:4      | Noticed a phantom
  2118 | D:4      | Killed a phantom
  2119 | D:4      | Reached XP level 6. HP: 40/53 MP: 5/5
  2246 | D:4      | Reached skill level 6 in Axes
  2298 | D:4      | HP: 2/53 [poisoned by an orc]
  2299 | D:4      | Gained mutation: Your system is resistant to poisons.
                  | (rPois) [potion of mutation]
  2299 | D:4      | Gained mutation: You tend to lose your temper in combat.
                  | [potion of mutation]
  2299 | D:4      | Gained mutation: Your muscles are strong. (Str +2) [potion
                  | of mutation]
  2318 | D:5      | Entered Level 5 of the Dungeon
  2520 | D:5      | Noticed a water moccasin
  2820 | D:4      | Found a bloodstained altar of Trog.
  3096 | D:4      | Reached skill level 7 in Axes
  3099 | D:4      | Reached XP level 7. HP: 55/60 MP: 6/6
  3403 | D:4      | Found a runed translucent door.
  3405 | D:4      | Found a staircase to the Ecumenical Temple.
  3417 | Temple   | Entered the Ecumenical Temple
  3681 | Temple   | Became a worshipper of Makhleb the Destroyer
  3784 | D:4      | Noticed indyram44's ghost (amateur DsFi)
  3803 | D:4      | Found a runed translucent door.
  4009 | D:5      | Reached skill level 8 in Axes
  4255 | D:5      | Reached skill level 9 in Axes
  4255 | D:5      | Reached XP level 8. HP: 67/67 MP: 7/7
  4441 | D:5      | Reached skill level 5 in Dodging
  4724 | D:6      | Reached skill level 10 in Axes
  5073 | D:6      | Noticed Grinder
  5091 | D:6      | Killed Grinder
  5092 | D:6      | Reached skill level 11 in Axes
  5473 | D:7      | Reached XP level 9. HP: 72/72 MP: 8/8
  5487 | D:7      | Reached * piety under Makhleb
  5569 | D:7      | Reached skill level 1 in Invocations
  5771 | D:7      | Reached skill level 5 in Fighting
  6150 | D:8      | Reached skill level 12 in Axes
  6710 | D:8      | Found a staircase to the Lair.
  6940 | D:8      | Reached XP level 10. HP: 86/86 MP: 12/12
  7016 | D:8      | Reached ** piety under Makhleb
  7132 | D:8      | Reached skill level 5 in Invocations
  7937 | D:9      | Found a sparkling altar of Nemelex Xobeh.
  8169 | D:9      | Found Doecil's Changing Room.
  8291 | D:9      | Reached skill level 13 in Axes
  8467 | D:9      | Noticed a two-headed ogre
  8473 | D:9      | Noticed a two-headed ogre
  8480 | D:9      | Killed a two-headed ogre
  8481 | D:9      | Reached skill level 5 in Armour
  8481 | D:9      | Reached skill level 5 in Shields
  8530 | D:10     | Entered Level 10 of the Dungeon
  8654 | D:10     | Noticed a skeletal warrior
  8654 | D:10     | Noticed a skeletal warrior
  8655 | D:10     | Noticed a skeletal warrior
  8671 | D:10     | HP: 4/90 [skeletal warrior[a skeletal warrior] (16)]
  8685 | D:10     | Killed a skeletal warrior
  8685 | D:10     | Reached *** piety under Makhleb
  8701 | D:10     | Killed a skeletal warrior
  8704 | D:10     | HP: 6/136 [skeletal warrior[a skeletal warrior] (14)]
  8709 | D:10     | Killed a skeletal warrior
  8710 | D:10     | Reached XP level 11. HP: 4/97 MP: 14/14
  9070 | D:10     | Noticed a skeletal warrior
  9098 | D:10     | Killed a skeletal warrior
  9511 | D:10     | Noticed a two-headed ogre
  9525 | D:10     | Killed a two-headed ogre
 10004 | D:10     | Reached **** piety under Makhleb
 10174 | D:11     | Found Qotaq's Magic Scroll Boutique.
 10183 | D:11     | Bought a scroll of brand weapon for 200 gold pieces
 10285 | D:11     | Noticed a five-headed hydra
 10293 | D:11     | Noticed a skeletal warrior
 10293 | D:11     | Noticed a skeletal warrior
 10293 | D:11     | Noticed a skeletal warrior
 10671 | D:9      | Noticed a centaur warrior
 10688 | D:9      | Killed a centaur warrior
 10689 | D:9      | Reached skill level 14 in Axes
 10790 | D:9      | Reached skill level 10 in Fighting
 10820 | D:9      | Found Qaloatuk's Distillery.
 10861 | D:9      | Killed a two-headed ogre
 11065 | Lair:1   | Entered Level 1 of the Lair of Beasts
 11345 | Lair:1   | Noticed a four-headed hydra
 11355 | Lair:1   | Killed a five-headed hydra
 11578 | Lair:1   | Reached XP level 12. HP: 108/108 MP: 16/16
 12497 | Lair:2   | Noticed Urug
 12521 | Lair:2   | Killed Urug
 12526 | Lair:2   | Reached ***** piety under Makhleb
 12830 | Lair:2   | Reached skill level 1 in Polearms
 13449 | Lair:3   | Reached skill level 10 in Armour
 13615 | Lair:3   | Reached skill level 10 in Invocations
 13813 | Lair:3   | Reached XP level 13. HP: 118/118 MP: 19/19
 13818 | Lair:3   | Noticed Snorg
 13820 | Lair:3   | Reached skill level 5 in Polearms
 13835 | Lair:3   | Slain by Snorg

Illustrated notes

Levels and vault maps discovered:
D:1:      heliophobic_arrival_dark_side_of_the_moon, layout_basic,
          serial_corexii_hall, corexii_hall_statues_u,
          chequers_hall_statues_wall_a, basic_ecumenical_altar
D:2:      minmay_razor_zed, layout_rooms, basic_altar,
          chequers_serial_rivers_micro_d
D:3:      layout_basic, gammafunk_ghost_arena
D:4:      wad_woods_stonehenge, layout_cave_pools,
          minmay_temple_entry_proselytizer, ebering_ghost_sewer_f
D:5:      layout_loops_cross, eino_curves_01
D:6:      layout_rooms, uniq_grinder
D:7:      layout_basic, uniq_crazy_yiuf_cottage
D:8:      kennysheep_blocky_hall, layout_loops_corners, erik_lair_island
D:9:      cheibrodos_fzero, layout_small_grid,
          nemelex_xobeh_ov_fountains_minmay, serial_shops,
          nicolae_shop_advertising_works [nicolae_subvault_shop_adworks],
          nicolae_transmutations_shop, corexii_mini_fake_secret_closet
D:10:     layout_roguey [special_room_orc]
D:11:     layout_basic, orc_0_dummy, serial_shops, nicolae_lakefront_shop
Temple:   mainiacjoe_temple_trianglar_array
Lair:1:   layout_roguey, infiniplex_staircase_pool
Lair:2:   layout_concentric_octagons, st_stairs_6, grunt_megastairs_5, uniq_urug
Lair:3:   nzn_winding_woodlands_three_and_one
          [nzn_winding_woodlands_5x15_crooked, nzn_winding_woodlands_5x15_eye,
          nzn_winding_woodlands_5x15_cabin,
          nzn_winding_woodlands_center_diamonds], layout_small_grid,
          guppyfry_snake_entry_island, uniq_snorg

Skill      XL: |  1  2  3  4  5  6  7  8  9 10 11 12 13 |
---------------+----------------------------------------+-----
Axes           | 3 4 5 7 9 11 12 13 14 | 14.1
Armour         | 4 6 8 10 | 10.1
Fighting       | 4 7 9 10 12 | 12.1
Shields        | 4 6 7 |  7.4
Dodging        | 2 3 4 6 7 8 |  8.5
Invocations    | 4 5 7 10 | 10.1
Polearms       | 4 5 |  5.2

Action                   |  1- 3 |  4- 6 |  7- 9 | 10-12 | 13-15 || total
-------------------------+-------+-------+-------+-------+-------++-------
Melee: War axe           |    76 |   131 |    16 |       |       ||   223
       Headbutt          |    10 |    20 |    46 |   151 |     5 ||   232
       Hand axe          |       |       |   289 |   603 |       ||   892
       Flail             |       |       |       |     9 |       ||     9
       Demon trident     |       |       |       |   118 |    21 ||   139
Invok: Lesser Servant of |       |       |       |     2 |       ||     2
  Use: Scroll            |       |     3 |     7 |    15 |       ||    25
       Potion            |       |     2 |       |     1 |     1 ||     4
 Stab: Distracted        |       |       |       |     1 |       ||     1
Armor: Scale mail        |    28 |    19 |       |       |       ||    47
       Plate armour      |       |    56 |   151 |   245 |     7 ||   459
Dodge: Dodged            |    39 |    42 |    62 |   199 |     4 ||   346
Block: Buckler           |    21 |    59 |   111 |   276 |    17 ||   484
       Reflection        |       |       |    10 |     2 |       ||    12
